Map: King's Cove LE

Players

thesextoy - Winner!

  • Race: Protoss Protoss
  • League: Platinum
  • Spawn Location: 5:00

Smeeeger

  • Race: Zerg Zerg
  • League: Platinum
  • Spawn Location: 11:00

VOD

Have the link to the VOD?

Description

Time

  • Played on: July 19, 2019, 11:41 a.m.
  • Length: 13:30
Show
View Real Time Build Order
Export as new Build Order

thesextoy Protoss - Winner!

Build Orders: Phoenix Opening 

Get SALT Encoding   

  1  0:00  Probe  
  12  0:05  Probe  
  14  0:15  Probe  
  15  0:24  Pylon  
  15  0:42  Probe  
  16  0:45  Gateway  
  16  0:54  Probe  
  16  0:56  Assimilator  
  17  1:06  Probe  
  18  1:18  Probe  
  19  1:30  Probe  
  19  1:32  Cybernetics Core  
  20  1:35  Gateway  
  20  1:42  Probe  
  20  1:43  Pylon  
  21  1:48  Assimilator  
  21  1:55  Probe  
  21  1:59  Adept  
  22  2:07  Probe  
  25  2:18  Stalker  
  25  2:22  Nexus  
  27  2:37  Shield Battery  
  27  2:39  Probe  
  28  2:50  Stargate  
  28  2:55  Warp Gate  
  28  2:58  Adept  
  30  3:39  Phoenix  
  30  3:43  Probe  
  30  3:44  Probe  
  34  3:55  Probe  
  35  3:56  Probe  
  35  3:59  Robotics Facility  
  35  4:02  Oracle  
  36  4:07  Probe x2  
  41  4:13  Pylon  
  41  4:15  Probe x2  
  41  4:23  Probe  
  41  4:24  Probe, Assimilator  
  45  4:33  Probe  
  45  4:35  Probe  
  45  4:38  Twilight Council  
  47  4:45  Probe  
  47  4:46  Pylon  
  47  4:47  Probe  
  47  4:49  Shield Battery  
  49  4:56  Immortal  
  49  4:58  Probe  
  49  4:59  Probe  
  55  5:09  Assimilator  
  55  5:10  Probe  
  55  5:11  Probe  
  57  5:22  Probe  
  57  5:23  Probe  
  59  6:03  Pylon  
  59  6:16  Robotics Facility  
  59  6:22  Immortal  
  59  6:23  Adept  
  59  6:24  Adept  
  67  6:35  Forge, Pylon  
  67  6:39  Pylon  
  67  6:42  Pylon  
  67  6:49  Charge  
  67  6:51  Oracle  
  70  6:54  Zealot  
  70  6:58  Nexus  
  72  7:02  Immortal  
  72  7:03  Protoss Ground Weapons Level 1, Immortal  
  72  7:05  Robotics Bay  
  72  7:07  Probe  
  81  7:18  Pylon  
  81  7:20  Pylon  
  81  7:22  Adept  
  81  7:23  Adept  
  83  7:51  Colossus x2  
  83  7:55  Photon Cannon  
  83  7:56  Photon Cannon  
  83  7:59  Photon Cannon  
  95  8:06  Photon Cannon  
  95  8:10  Photon Cannon  
  95  8:13  Probe  
  95  8:14  Photon Cannon  
  95  8:17  Probe x2  
  95  8:18  Extended Thermal Lance  
  95  8:19  Photon Cannon  
  98  8:21  Probe  
  98  8:24  Photon Cannon  
  98  8:26  Photon Cannon  
  99  8:29  Probe x2  
  99  8:31  Probe  
  99  8:32  Gateway  
  102  8:37  Adept  
  102  8:41  Probe x2  
  105  8:43  Probe  
  107  8:56  Colossus x2  
  107  9:00  Pylon  
  119  9:08  Pylon  
  119  9:13  Gateway  
  119  9:15  Gateway  
  119  9:16  Assimilator  
  119  9:19  Shield Battery  
  119  9:21  Shield Battery  
  119  9:23  Pylon  
  119  9:43  Colossus x2  
  119  9:58  Zealot x3  
  119  9:59  Probe x3  
  140  10:11  Probe  
  140  10:13  Protoss Ground Weapons Level 2  
  105  10:36  Colossus  
  105  10:37  Zealot x3  
  105  10:38  Zealot x2  
  105  10:42  Colossus  
  115  10:53  Gateway  
  127  11:03  Gateway x2  
  127  11:05  Zealot x3, Gateway  
  127  11:06  Zealot x2  
  127  11:07  Gateway  
  127  11:08  Gateway  
  137  11:12  Gateway  
  137  11:25  Warp Prism  
  137  11:26  Assimilator  
  137  11:29  Pylon  
  137  11:32  Pylon  
  139  11:33  Zealot x5  
  149  11:42  Pylon  
  149  11:45  Pylon  
  149  11:48  Observer, Pylon  
  150  12:04  Photon Cannon  
  150  12:21  Nexus  
  150  12:27  Pylon  
  150  12:30  Pylon  
  150  12:32  Zealot x4  
  150  12:33  Zealot x4  
  150  12:34  Zealot x3  
  150  12:35  Zealot  
Show
View Real Time Build Order
Export as new Build Order

Smeeeger Zerg 

Build Orders: Hatch First 

Get SALT Encoding   

  12  0:01  Drone  
  13  0:14  Overlord  
  13  0:18  Drone  
  14  0:32  Drone x2  
  16  0:36  Drone  
  17  0:47  Drone  
  18  0:59  Hatchery  
  18  1:01  Extractor  
  18  1:02  Drone  
  17  1:16  Spawning Pool  
  16  1:20  Drone  
  16  1:23  Drone  
  19  1:40  Drone  
  19  1:44  Overlord  
  19  2:03  Queen  
  19  2:04  Zergling x2  
  19  2:05  Zergling x2  
  23  2:11  Queen  
  23  2:12  Zergling x2  
  26  2:16  Drone  
  26  2:18  Metabolic Boost  
  27  2:48  Drone x3  
  27  2:49  Overlord  
  27  2:50  Drone  
  31  2:56  Hatchery  
  30  3:03  Drone x2  
  30  3:04  Drone  
  33  3:18  Queen  
  33  3:19  Overlord x2  
  35  3:21  Drone x2  
  35  3:44  Drone x4  
  39  3:48  Zergling x4  
  39  3:49  Zergling x4  
  39  3:55  Lair  
  43  4:00  Drone x3  
  43  4:01  Roach Warren  
  45  4:03  Evolution Chamber, Extractor  
  45  4:04  Extractor  
  45  4:06  Drone  
  43  4:12  Drone x3  
  43  4:16  Spore Crawler  
  45  4:18  Spore Crawler, Drone  
  45  4:24  Drone x2  
  45  4:25  Drone  
  45  4:26  Drone  
  45  4:28  Drone  
  45  4:30  Drone  
  51  4:38  Queen, Evolution Chamber  
  50  4:43  Spore Crawler  
  51  4:52  Overlord x2  
  51  4:54  Zergling x6  
  51  4:57  Glial Reconstitution  
  51  4:59  Roach  
  56  5:01  Drone  
  57  5:11  Drone x3  
  57  5:12  Drone x4  
  64  5:14  Drone  
  64  5:19  Queen  
  67  5:22  Overlord  
  67  5:25  Overlord  
  67  5:32  Drone x2  
  69  5:44  Drone x2  
  69  5:45  Drone x2  
  73  5:50  Drone  
  73  5:51  Drone x2  
  73  5:54  Roach x4  
  73  5:55  Roach  
  86  5:59  Zerg Missile Weapons Level 1  
  87  6:11  Zergling x6  
  87  6:16  Zerg Ground Armor Level 1  
  86  6:35  Queen  
  88  6:41  Overlord  
  88  6:42  Overlord x4  
  88  6:44  Overseer  
  88  6:45  Pneumatized Carapace  
  88  6:49  Burrow  
  88  7:01  Roach  
  88  7:02  Hatchery, Roach x5  
  99  7:15  Roach x4  
  107  7:24  Roach x3  
  113  7:30  Extractor  
  113  7:31  Extractor  
  113  7:32  Roach x2  
  106  7:47  Infestation Pit  
  106  7:50  Extractor  
  104  7:53  Overseer  
  104  7:55  Drone x4  
  104  7:56  Drone x2  
  110  7:59  Roach x2, Queen  
  110  8:00  Roach  
  110  8:03  Drone  
  110  8:04  Drone x7  
  126  8:07  Ravager  
  126  8:11  Overlord  
  126  8:12  Overlord x4  
  127  8:24  Drone x3  
  127  8:26  Drone x3  
  133  8:28  Drone x3  
  133  8:30  Spore Crawler, Queen  
  133  8:31  Drone x2  
  139  8:36  Hive  
  139  8:37  Zerg Missile Weapons Level 2  
  139  8:53  Drone x3  
  139  8:55  Extractor  
  141  8:57  Extractor  
  141  8:58  Drone, Baneling Nest  
  141  8:59  Drone  
  141  9:01  Roach x8  
  141  9:02  Roach x2  
  161  9:07  Neural Parasite  
  161  9:12  Drone  
  161  9:13  Drone x4  
  166  9:21  Roach, Zergling x2  
  166  9:22  Zergling x4  
  171  9:40  Drone x2  
  173  9:48  Adrenal Glands  
  173  9:52  Zerg Ground Armor Level 2  
  173  9:55  Baneling x3  
  173  9:56  Baneling x4  
  173  9:57  Baneling x3  
  173  9:58  Ravager x2  
  173  9:59  Ravager  
  176  10:01  Overlord x5  
  111  10:42  Roach x16  
  140  10:43  Roach x7  
  146  10:57  Centrifical Hooks  
  146  11:05  Infestor x3  
  146  11:09  Ravager  
  146  11:11  Hatchery  
  152  11:14  Extractor x2  
  152  11:16  Overseer, Hydralisk Den  
  149  11:22  Ravager  
  150  11:46  Muscular Augments  
  150  11:47  Hydralisk x3  
  150  11:48  Hydralisk  
  150  11:50  Zergling x16  
  150  11:51  Zergling x32  
  182  12:02  Hatchery x3  
  182  12:04  Pathogen Glands  
  182  12:05  Nydus Network  
  178  12:26  Hydralisk x8  
  194  12:33  Hydralisk x2  
  194  12:36  Spire  
  193  12:41  Drone x7  
  149  12:59  Zergling x2  
  149  13:00  Zergling x38  
  157  13:09  Zergling x2  
  157  13:10  Zergling x6  
Tags
 
Add a new tag
Caveats
  • Supply blocks, unpowered buildings, or Contaminate may cause inaccurate times.
  • Supply counts are checked every 10 seconds.